 Dungeon Crawl Stone Soup version 0.30-a0-760-g5a9884bb7c (webtiles) character file.

Game seed: 6904560085243211775

81 GuildmasterMusic the Shield-Bearer (level 4, 0/38 (40) HPs)
             Began as a Minotaur Fighter on Feb 10, 2023.
             Slain by an orc priest
             ... wielding a +1 flail of draining
              (7 damage)
             ... on level 3 of the Dungeon.
             The game lasted 00:01:58 (1388 turns).

GuildmasterMusic the Shield-Bearer (MiFi)           Turns: 1388, Time: 00:01:59

HP:   0/38 (40)     AC: 13    Str: 23    XL:     4   Next: 20%
MP:   3/3           EV:  7    Int:  5    God:
Gold: 119           SH:  4    Dex:  9    Spells: 3/3 levels left

rFire   . . .      SeeInvis .    a - +0 war axe
rCold   . . .      Faith    .    c - +0 buckler
rNeg    . . .      Spirit   .    g - +0 chain mail
rPois   .          Reflect  .    (helmet restricted)
rElec   .          Harm     .    (no cloak)
rCorr   .          Rampage  .    (no gloves)
Will    .....                    (no boots) Stlth
                                 (no amulet)
HPRegen 0.26/turn                j - +4 ring of protection
MPRegen 0.08/turn                (no ring)

@: drained
A: horns 2, retaliatory headbutt
a: no special abilities


You were on level 3 of the Dungeon.
You visited 1 branch of the dungeon, and saw 3 of its levels.

You collected 119 gold pieces.

Inventory:

Hand Weapons
 a - a +0 war axe (weapon)
Armour
 b - a +0 scale mail
 c - a +0 buckler (worn)
 g - a +0 chain mail (worn)
Jewellery
 i - a ring of flight
 j - a +4 ring of protection (left hand)
Scrolls
 e - 2 scrolls of identify {unknown}
 f - 2 scrolls of teleportation {unknown}
 h - 2 scrolls of amnesia {unknown}
 l - a scroll of noise {unknown}
 n - a scroll of enchant armour {unknown}
 r - 3 scrolls of fear {unknown}
Potions
 d - 6 potions of might
 k - a potion of haste {unknown}
 m - 2 potions of berserk rage {unknown}
 o - a potion of attraction {unknown}
 p - 2 potions of magic {unknown}
 q - a potion of curing


   Skills:
 + Level 4.2 Fighting
 * Level 3.9 Axes
 + Level 4.2 Armour
 + Level 4.2 Shields


You had 3 spell levels left.
You didn't know any spells.
Your spell library contained the following spells:

 Spells                   Type           Power      Damage    Failure   Level
 Vhi's Electric Charge    Tloc/Air       0%         N/A       100%        3
 Arcjolt                  Conj/Air       0%         1d10      100%        5
 Summon Forest            Summ/Tloc      0%         N/A       100%        5
 Summon Mana Viper        Hex/Summ       0%         N/A       100%        5
 Summon Cactus Giant      Summ           0%         N/A       100%        6
 Maxwell's Capacitive Co  Air            0%         ∞         100%        8


Dungeon Overview and Level Annotations

Branches:
Dungeon (3/15)

Altars:


Innate Abilities, Weirdness & Mutations

You have a pair of horns on your head.
You reflexively headbutt those who attack you in melee.


Message History

You are too confused!
You are too confused!
You barely miss the orc wizard. You headbutt the orc wizard!
The orc wizard is severely wounded.
You hit the orc priest. The orc wizard barely misses you.
The orc priest closely misses you.
You're too confused to move!
The orc wizard gestures at you while chanting.
The puff of flame misses you. The orc priest barely misses you.
You bump into the rock wall.
The orc wizard points at you and mumbles some strange words.
You resist with significant effort.
The orc priest invokes the aid of Beogh against you.
Beogh smites you!
You bump into the rock wall.
The orc wizard points at you and mumbles some strange words.
The puff of flame hits you but does no damage.
The orc priest hits you but does no damage.
You feel drained.
You closely miss the orc priest.
The orc priest is heavily wounded.
You hit the orc wizard.
You kill the orc wizard!
The orc priest hits you but does no damage.
You feel drained.
The orc priest hits you with a +1 flail of draining.
You feel drained.
* * * LOW HITPOINT WARNING * * *
You have reached level 4!
You feel stronger.
You bump into the rock wall.
You feel less confused.
The orc priest hits you with a +1 flail of draining.
* * * LOW HITPOINT WARNING * * *
You feel drained.
* * * LOW HITPOINT WARNING * * *
You barely miss the orc priest. Your headbutt misses the orc priest.
The orc priest is heavily wounded.
The orc priest hits you with a +1 flail of draining!
You die...

....####)#........#
.........##########
.............#
.............#########
###.###...............
.....................
##..#.#.#...#########.
...#.###.# #........@#
#.#..###.)o....# ...
##......# ###....#
....# ....# ...# ...#


You could see an orc priest.

Vanquished Creatures
  An orc wizard (D:3)
  2 adders (D:2)
  A worm (D:2)
  A dart slug (D:1)
  3 orcs (D:3)
  A ball python (D:2)
  2 endoplasms
  2 goblins
  2 hobgoblins
  3 jackals (D:2)
  3 kobolds
  A quokka (D:2)
  4 bats
  A frilled lizard (D:2)
  4 rats (D:2)
31 creatures vanquished.

Notes
Turn   | Place    | Note
-------+----------+-------------------------------------------
     0 | D:1      | GuildmasterMusic the Minotaur Fighter began the quest for
                  | the Orb.
     0 | D:1      | Reached XP level 1. HP: 19/19 MP: 0/0
   209 | D:1      | Reached XP level 2. HP: 27/27 MP: 1/1
   855 | D:2      | Reached XP level 3. HP: 10/33 MP: 2/2
  1235 | D:2      | Found a faded altar of an unknown god.
  1387 | D:3      | Reached XP level 4. HP: 9/39 MP: 3/3
  1388 | D:3      | Slain by an orc priest

Illustrated notes

Levels and vault maps discovered:
D:1:      dpeg_arrival_leaves_temple_mockup, layout_basic
D:2:      layout_basic, basic_ecumenical_altar
D:3:      layout_rooms, serial_glass, glass_columns_a, glass_columns_b,
          item_on_display_a, due_unseen_surprise, item_on_display_a

Skill      XL: |  1  2 |
---------------+-------+-----
Axes           | 3 |  3.9
Fighting       | 4 |  4.2
Armour         | 4 |  4.2
Shields        | 4 |  4.2

Action                     |  1- 3 |  4- 6 || total
---------------------------+-------+-------++-------
  Melee: War axe           |    70 |     1 ||    71
         Headbutt          |    12 |       ||    12
    Use: Potion            |     1 |       ||     1
 Armour: Scale mail        |    11 |       ||    11
         Chain mail        |    37 |       ||    37
  Dodge: Dodged            |    29 |       ||    29
  Block: Buckler           |    11 |       ||    11

Table legend: (Time is in decaauts)
 A = Elapsed time spent in this place.
 B = Non-inter-level travel time spent in this place.
 C = Inter-level travel time spent in this place.
 D = Time resting spent in this place.
 E = Time spent auto-exploring this place.
 F = Levels seen in this place.
 G = Mean time per level.
                   A        B        C        D        E       F      G
               +--------+--------+--------+--------+--------+-----+--------+
         Total |   1412 |   1349 |     63 |     70 |   1073 |   3 |  470.7 |
       Dungeon |   1412 |   1349 |     63 |     70 |   1073 |   3 |  470.7 |
               +--------+--------+--------+--------+--------+-----+--------+

Top non-repeatable levels by time:
     D:1: 702 daAuts
     D:2: 671 daAuts
     D:3: 38 daAuts
